 Dungeon Crawl Stone Soup version 0.32-a0-401-g0bcb2a7693 (webtiles) character file.

Game seed: 4008951187957129241

4895 Ijustatesigmund the Basher (level 10, -5/84 HPs)
             Began as a Gargoyle Earth Elementalist on Feb 20, 2024.
             Was a Believer of Vehumet.
             Slain by a large abomination (8 damage)
             ... on level 2 of the Abyss.
             The game lasted 00:13:41 (7561 turns).

Ijustatesigmund the Basher (GrEE)                   Turns: 7561, Time: 00:13:42

Health: -5/84      AC: 25    Str: 12    XL:     10   Next: 51%
Magic:  4/17       EV:  2    Int: 24    God:    Vehumet [**....]
Gold:   326        SH:  0    Dex: 10    Spells: 15/19 levels left

rFire   . . .        c - +11 mace of the Thirteen Servitors {drain, Int+4 Stlth-}
rCold   . . .        (no shield)
rNeg    + . .        a - melded +0 robe
rPois   ∞            (helmet currently unavailable)
rElec   .            (cloak currently unavailable)
rCorr   .            n - melded +0 pair of gloves
SInv    .            (boots currently unavailable)
Will    .....        (no amulet)
Stlth   +            (no ring)
HPRegen 0.34/turn    (no ring)
MPRegen 0.15/turn

%: no passive effects
@: tree-form, invisible
A: stationary, stasis, torment immunity, boosted hp, sickness immunity, AC +7,
negative energy resistance 1, (electricity resistance), torment resistance 1,
petrification resistance
a: Renounce Religion


You were on level 2 of the Abyss.
You worshipped Vehumet.
Vehumet was pleased with you.
You were a tree.
You visited 2 branches of the dungeon, and saw 9 of its levels.
You visited the Abyss 1 time.

You collected 365 gold pieces.
You spent 39 gold pieces at shops.

Inventory:

Hand Weapons
 c - the +11 mace of the Thirteen Servitors (weapon) {drain, Int+4 Stlth-}
   (You took it off an orc priest on level 3 of the Dungeon)

   Int+4:     It affects your intelligence (+4).
   Stlth-:    It makes you less stealthy.
 u - a +0 flail
Armour
 a - a +0 robe (melded)
 n - a +0 pair of gloves (melded)
 A - a +1 leather armour of fire resistance
Jewellery
 f - a ring of fire
 y - a ring of protection from fire
Wands
 x - a wand of quicksilver (2)
Scrolls
 e - a scroll of fog {unknown}
 g - 3 scrolls of teleportation
 k - 2 scrolls of enchant armour {unknown}
 l - a scroll of torment {unknown}
 p - a scroll of amnesia {unknown}
 q - a scroll of blinking {unknown}
 s - 3 scrolls of poison {unknown}
 t - a scroll of vulnerability {unknown}
 w - a scroll of summoning {unknown}
 B - a scroll of revelation {unknown}
 C - 3 scrolls of fear {unknown}
Potions
 b - 4 potions of magic
 i - a potion of resistance
 j - 5 potions of attraction
 o - 3 potions of enlightenment
 r - a potion of ambrosia
 z - 2 potions of brilliance


   Skills:
 - Level 3.0 Fighting
 + Level 8.9 Maces & Flails
 - Level 7.2 Armour
 - Level 1.5 Dodging
 - Level 2.1 Stealth
 - Level 5.0 Spellcasting
 - Level 5.5 Conjurations
 - Level 7.1 Earth Magic
 + Level 3.5 Evocations


You had 15 spell levels left.
You knew the following spells:

 Your Spells              Type           Power      Damage    Failure   Level
a - Sandblast             Erth           80%        2d17      1%          1
b - Stone Arrow           Conj/Erth      72%        3d11      1%          3

Your spell library contained the following spells:

 Spells                   Type           Power      Damage    Failure   Level
 Momentum Strike          Conj/Tloc      38%        3d9       4%          2
 Magic Dart               Conj           100%       1d8       1%          1
 Searing Ray              Conj           64%        2d6       1%          2
 Passwall                 Erth           40%        N/A       1%          3
 Brom's Barrelling Bould  Conj/Erth      36%        2d6       6%          4
 Mephitic Cloud           Conj/Alch/Air  15%        N/A       12%         3
 Blink                    Tloc           12%        N/A       13%         2
 Mercury Vapours          Alch/Air       12%        N/A       13%         2
 Petrify                  Alch/Erth      23%        N/A       21%         4
 Fugue of the Fallen      Necr           6%         N/A       26%         3
 Ozocubu's Armour         Ice            6%         N/A       26%         3
 Teleport Other           Tloc           6%         N/A       26%         3
 Volatile Blastmotes      Fire/Tloc      12%        2d11      26%         3
 Fulminant Prism          Conj/Alch      9%         3d6       28%         4
 Iskenderun's Mystic Bla  Conj/Tloc      19%        2d6       28%         4
 Dimensional Bullseye     Hex/Tloc       3%         N/A       65%         4
 Ignite Poison            Fire/Alch      6%         N/A       65%         4
 Manifold Assault         Tloc           6%         N/A       65%         4
 Sticky Flame             Fire/Alch      6%         2d4       65%         4
 Freezing Cloud           Conj/Ice/Air   7%         6-21      75%         5
 Dispersal                Tloc           3%         N/A       100%        6
 Ignition                 Fire           3%         3d4       100%        8


Dungeon Overview and Level Annotations

Branches:
Dungeon (8/15)             Temple (1/1) D:5
   Lair: D:8-11

Altars:
Dithmenos
Elyvilon
Fedhas
Gozag
Hepliaklqana
Makhleb
Nemelex Xobeh
Okawaru
Qazlal
Ru
Sif Muna
Trog
Uskayaw
Vehumet
Wu Jian
Yredelemnul
Zin
The Shining One

Shops:
D:2 *   D:4 !   D:6 :   D:8 (

Annotations:
D:8 1 runed translucent door, 2 transporters, Psyche


Innate Abilities, Weirdness & Mutations

You are a tree.
Your roots penetrate the ground, keeping you stationary.
You cannot be teleported.
You are immune to unholy pain and torment.
Your maximum health is greatly increased.
Your equipment is partially melded.
You are immune to sickness and miasma.
((Your stone body is resilient. (AC +7)))
You are immune to poison.
You resist negative energy. (rN+)
((You are resistant to electric shocks. (rElec)))
You are resistant to unholy torment.
You are immune to petrification.


Message History

You kill the raiju!
Vehumet accepts your kill.
You feel your power returning. The raiju bites you.
* * * LOW HITPOINT WARNING * * *
The raiju shocks you. You resist.
* * * LOW HITPOINT WARNING * * *
You hit the raiju.
The raiju is lightly wounded.
The raiju bites you but does no damage.
You barely miss the raiju.
The raiju is lightly wounded.
The raiju barely misses you.
You barely miss the raiju.
The raiju is lightly wounded.
The raiju misses you.
You sock the raiju! You drain the raiju.
The raiju is heavily wounded.
The raiju bites you.
* * * LOW HITPOINT WARNING * * *
The raiju shocks you. You resist.
* * * LOW HITPOINT WARNING * * *
You feel better. The raiju closely misses you.
You sock the raiju! You drain the raiju.
The raiju is almost dead.
The raiju closely misses you.
You sock the raiju!
You kill the raiju!
Vehumet accepts your kill.
You sock the large abomination!
The large abomination is lightly damaged.
The large abomination hits you!
* * * LOW HITPOINT WARNING * * *
You turn into a tree.
Your +0 pair of gloves melds into your body.
Your +0 robe melds into your body.
Your roots penetrate the ground.
The large abomination hits you but does no damage.
You hit the large abomination.
The large abomination is moderately damaged.
The large abomination hits you!
You die...

.. ... ..
.... .. ....
....... .#..
. ....... ...
.. .......
##.## ..
.......
#...#.. . #
#.....#..
##Xß...ß.#
##♣#....
#...ß.......#
+...........
#......#ß....
##.#.......#
......... .
.###....#...
.....#...#..
. ... .'#.#_


You could see a large abomination (unable to see you).

Vanquished Creatures
  A two-headed ogre (D:8)
  A deep elf pyromancer (D:8)
  3 raiju (Abyss:2)
  4 fire bats (Abyss:2)
  A steam dragon (D:6)
  Menkaure (D:7)
  A black bear (D:7)
  2 sky beasts (D:7)
  2 ice beasts
  An orc warrior (D:7)
  2 centaurs
  3 kobold brigands
  5 bullfrogs
  A scorpion (D:5)
  4 wights (D:8)
  An electric eel (D:6)
  4 hounds
  8 jellies
  2 orc priests
  3 sleepcaps
  Jessica (D:2)
  Natasha (D:2)
  2 iguanas
  5 orc wizards
  6 gnolls
  3 adders
  2 white imps
  2 ribbon worms
  4 dart slugs
  34 orcs
  4 ball pythons
  3 endoplasms
  4 giant cockroaches
  6 goblins
  5 hobgoblins
  6 jackals (D:3)
  26 kobolds
  4 quokkas
  11 bats
  2 frilled lizards (D:3)
  7 rats
188 creatures vanquished.

Vanquished Creatures (others)
  An orc (D:6)
1 creature vanquished.

Grand Total: 189 creatures vanquished

Notes
Turn   | Place    | Note
-------+----------+-------------------------------------------
     0 | D:1      | Ijustatesigmund the Gargoyle Earth Elementalist began the
                  | quest for the Orb.
     0 | D:1      | Reached XP level 1. HP: 10/10 MP: 3/3
    49 | D:1      | Reached XP level 2. HP: 16/16 MP: 3/5
   113 | D:1      | Reached skill level 1 in Fighting
   216 | D:1      | Reached XP level 3. HP: 20/20 MP: 4/6
   761 | D:2      | Noticed Jessica
   765 | D:2      | Killed Jessica
   766 | D:2      | Reached XP level 4. HP: 25/26 MP: 4/8
   989 | D:2      | Noticed Natasha
   991 | D:2      | Killed Natasha
  1023 | D:2      | Reached XP level 5. HP: 30/30 MP: 5/9
  1109 | D:2      | Found Pumehuext's General Store.
  1261 | D:2      | Bought a scroll of teleportation for 39 gold pieces
  1587 | D:2      | Learned a level 3 spell: Stone Arrow
  1687 | D:3      | Found a faded altar of an unknown god.
  1761 | D:3      | Found a shadowy altar of Dithmenos.
  1972 | D:3      | Got Sif Muna's Atlas of Orientation
  2053 | D:3      | Found an opulent altar of Gozag.
  2054 | D:3      | Found an opulent altar of Gozag.
  2057 | D:3      | Found an opulent altar of Gozag.
  2106 | D:3      | Found an opulent altar of Gozag.
  2305 | D:3      | Reached skill level 5 in Earth Magic
  2305 | D:3      | Reached XP level 6. HP: 36/36 MP: 7/10
  2354 | D:3      | Identified the +11 mace of the Thirteen Servitors {drain,
                  | Int+4 Stlth-}
  3008 | D:4      | Found Qoack's Distillery.
  3209 | D:4      | Reached skill level 1 in Maces & Flails
  3305 | D:4      | Reached XP level 7. HP: 39/41 MP: 12/12
  3634 | D:5      | Entered Level 5 of the Dungeon
  3699 | D:5      | Found a staircase to the Ecumenical Temple.
  3710 | Temple   | Entered the Ecumenical Temple
  3733 | Temple   | Became a worshipper of Vehumet
  3775 | D:5      | Reached skill level 2 in Maces & Flails
  4442 | D:6      | Reached XP level 8. HP: 43/46 MP: 14/14
  4463 | D:6      | Reached skill level 3 in Maces & Flails
  4703 | D:6      | Reached skill level 5 in Conjurations
  5361 | D:6      | Reached skill level 5 in Spellcasting
  5453 | D:6      | Reached skill level 4 in Maces & Flails
  5453 | D:6      | Reached skill level 1 in Armour
  5485 | D:6      | Found Sipaept's Book Shoppe.
  5538 | D:6      | Reached * piety under Vehumet
  5538 | D:6      | Offered knowledge of Shock by Vehumet.
  5887 | D:7      | Reached XP level 9. HP: 44/50 MP: 16/16
  5927 | D:7      | Noticed Menkaure
  5934 | D:7      | Killed Menkaure
  5935 | D:7      | Reached skill level 5 in Maces & Flails
  6336 | D:7      | Reached skill level 6 in Maces & Flails
  6336 | D:7      | Reached skill level 5 in Armour
  6788 | D:8      | Noticed a deep elf pyromancer
  6794 | D:8      | Killed a deep elf pyromancer
  6795 | D:8      | Reached skill level 7 in Maces & Flails
  6870 | D:8      | Found an iron altar of Okawaru.
  6870 | D:8      | Found a runed translucent door.
  6877 | D:8      | Noticed a two-headed ogre
  6877 | D:8      | Found the +0 toga "Victory" {*Victory Clar}
  6879 | D:8      | Noticed a two-headed ogre
  6925 | D:8      | Noticed a two-headed ogre
  6934 | D:8      | Killed a two-headed ogre
  6935 | D:8      | Reached XP level 10. HP: 24/56 MP: 17/17
  7139 | D:8      | Found a transporter.
  7141 | D:8      | Found a white marble altar of Elyvilon.
  7176 | D:8      | Found a transporter.
  7238 | D:8      | Found Xapyro's Hydra Hut.
  7241 | D:8      | Noticed a seven-headed hydra
  7280 | D:8      | Reached ** piety under Vehumet
  7280 | D:8      | Offered knowledge of Momentum Strike by Vehumet.
  7281 | D:8      | Reached skill level 1 in Evocations
  7383 | D:8      | Reached skill level 8 in Maces & Flails
  7482 | D:8      | Noticed Psyche
  7496 | Abyss:2  | Cast into level 2 of the Abyss (Psyche)
  7529 | Abyss:2  | Found a corrupted altar of Lugonu.
  7544 | Abyss:2  | Noticed a large abomination
  7559 | Abyss:2  | HP: 2/56 [large abomination (17)]
  7561 | Abyss:2  | Slain by a large abomination

Illustrated notes

Levels and vault maps discovered:
D:1:      dpeg_arrival_simpleton_a, layout_basic
D:2:      layout_basic, serial_shops, nicolae_shop_waterfront,
          nicolae_elevator_lobby_plus, uniq_jessica, uniq_natasha
D:3:      layout_loops_corners, nicolae_gozag_conspicuous_consumption,
          nicolae_dithmenos_the_darkroom, ebering_ecumenical_altar_box,
          minmay_starry_boxes
D:4:      layout_rooms, nicolae_inconvenience_store
D:5:      layout_basic, minmay_temple_entry_tees
D:6:      layout_cave_pools, serial_shops, nicolae_shop_tiny_real_fake_doors,
          kennysheep_cross_bottleneck
D:7:      layout_loops_cross, uniq_menkaure
D:8:      layout_basic, nicolae_overflow_guarded_unrand_okawaru_victory,
          elyvilon_altar_4, dk_noncrumbling_3, doesnt_shop_hydraphobe,
          uniq_psyche
Temple:   jpeg_temple_clearing
Abyss:2:  base: D:5, hangedman_abyss_or_decor_clamps

Skill      XL: |  1  2  3  4  5  6  7  8  9 10 |
---------------+-------------------------------+-----
Fighting       | 1 2 3 |  3.0
Earth Magic    | 4 5 6 7 |  7.1
Conjurations   | 2 3 4 5 |  5.5
Spellcasting   | 3 4 5 |  5.0
Maces & Flails | 1 2 4 7 8 |  8.9
Armour         | 2 7 |  7.2
Evocations     | 3 |  3.5
Dodging        | |  1.5
Stealth        | |  2.1

Action                     |  1- 3 |  4- 6 |  7- 9 | 10-12 || total
---------------------------+-------+-------+-------+-------++-------
  Melee: Dagger            |     5 |    22 |       |       ||    27
         Mace              |       |    52 |   183 |    69 ||   304
   Cast: Sandblast         |    28 |    62 |       |       ||    90
         Stone Arrow       |       |     5 |       |     7 ||    12
  Evoke: Wand              |       |       |     4 |     1 ||     5
    Use: Scroll            |       |     5 |     5 |     1 ||    11
         Potion            |       |     1 |     2 |     7 ||    10
 Armour: Robe              |     6 |    65 |   176 |    71 ||   318
         Skin              |       |       |       |     2 ||     2
  Dodge: Dodged            |    10 |    55 |   109 |    40 ||   214

Table legend: (Time is in decaauts)
 A = Elapsed time spent in this place.
 B = Non-inter-level travel time spent in this place.
 C = Inter-level travel time spent in this place.
 D = Time resting spent in this place.
 E = Time spent auto-exploring this place.
 F = Levels seen in this place.
 G = Mean time per level.
                   A        B        C        D        E       F      G
               +--------+--------+--------+--------+--------+-----+--------+
         Total |   7671 |   7375 |    296 |   1144 |   5112 |  10 |  767.1 |
       Dungeon |   7568 |   7302 |    266 |   1128 |   5104 |   8 |  946.0 |
        Temple |     38 |      9 |     29 |      0 |      8 |   1 |   38.0 |
         Abyss |     64 |     64 |      0 |     16 |      0 |   1 |   64.0 |
               +--------+--------+--------+--------+--------+-----+--------+

Top non-repeatable levels by time:
     D:3: 1359 daAuts
     D:5: 1232 daAuts
     D:6: 890 daAuts
     D:8: 873 daAuts
     D:7: 870 daAuts
     D:2: 798 daAuts
     D:1: 773 daAuts
     D:4: 769 daAuts
 Abyss:2: 64 daAuts
  Temple: 38 daAuts
